Connexion

WASHINGTON Capitals vs PITTSBURGH Penguins (R4)

Created - 9 octobre 2023 at 07:16

Goals
1 2 3 OT1 T
WASHINGTON Capitals 3 1 0 0 4
PITTSBURGH Penguins 2 1 1 1 5
Shots
1 2 3 OT1 T
WASHINGTON Capitals 11 17 7 0 35
PITTSBURGH Penguins 9 5 6 1 21

GoalsPenalties
1st period
1. WASHINGTON Capitals , Slater Koekkoek 3 (Jared McCann 13, Nikita Kucherov 16) at 7:27
2. PITTSBURGH Penguins , Oliver Bjorkstrand 8 (Jared Spurgeon 16, Brad Marchand 13) at 10:29
3. PITTSBURGH Penguins , William Nylander 6 (Jake Gardiner 6, Oliver Bjorkstrand 15) at 13:22 (PP)
4. WASHINGTON Capitals , Aleksander Barkov 9 (Jared McCann 14, Sean Walker 5) at 13:42
5. WASHINGTON Capitals , Alex Killorn 8 (Frederick Gaudreau 13, Shea Theodore 20) at 15:37
Jared McCann (WAS) for Holding (Minor) at 12:17
2nd period
6. WASHINGTON Capitals , Denis Gurianov 6 (Shea Theodore 21, Brandon Hagel 19) at 5:20 (PP)
7. PITTSBURGH Penguins , Brad Marchand 13 (Gustav Nyquist 10) at 8:53 (SH)
Andrei Svechnikov (PIT) for Slashing (Minor) at 5:04
Jared Spurgeon (PIT) for Holding (Minor) at 7:16
Brandon Hagel (WAS) for Roughing (Minor) at 10:12
3rd period
8. PITTSBURGH Penguins , Gustav Nyquist 8 (Jake Gardiner 7) at 5:57 (PP)
Nikita Kucherov (WAS) for Attempt to injure (Major / Game Misconduct) at 4:40
Haydn Fleury (WAS) for Tripping (Minor) at 11:50
Adam Clendening (PIT) for Tripping (Minor) at 15:01
Overtime #1
9. PITTSBURGH Penguins , Matthew Nieto 4 (Ross Colton 5, Jake Gardiner 8) at 0:30
No Penalty
Goalie Stats
Jordan Binnington (WAS), 16 saves from 21 shots - (0,762), OTL, 13-3-3, 60:31 minutes
Darcy Kuemper (PIT), 13 saves from 17 shots - (0,765), 25:20 minutes
Jonathan Quick (PIT), 18 saves from 18 shots - (1,000), W, 1-3-0, 35:11 minutes
3 StarsOfficial
1 - Brad Marchand (PIT)
2 - Jake Gardiner (PIT)
3 - Oliver Bjorkstrand (PIT)
Referees : Stephane Auger and Marcus Vinnerberg
Linesman : Tony Sericolo and Pierre Champoux
Game Note
Jonathan Quick enters game at 5:20 of 2nd period
Nikita Kucherov (WAS) for Attempt to injure (Major / Game Misconduct) at 4:40
Nikita Kucherov ejected from game at 4:40 of 3rd period
Finance
Level 1 -- Attendance: 4268 (71,13%) -- Ticket Income 610 324 $
Level 2 -- Attendance: 4708 (87,40%) -- Ticket Income 423 720 $
Level 3 -- Attendance: 2000 (100,00%) -- Ticket Income 106 000 $
Level 4 -- Attendance: 3760 (94,00%) -- Ticket Income 131 600 $
Luxury Box -- Attendance: 970 (97,00%) -- Ticket Income 291 000 $
Game was played at the Consol Energy Center.
Total Attendance: 15706 (85,42%)
Total Ticket Income: 1 562 644 $
Other Income: 312 529 $
Total Income: 1 875 173 $



Team Name Goals Shots Shots Attemp Shots Blocked PIM HIT PP PK FO%
WASHINGTON Capitals 43571821201 / 3 (33%)254%
PITTSBURGH Penguins 5214786212 / 5 (40%)146%

WASHINGTON Capitals
Player Name POS G A P +/- PIM HIT SHT SB MP PP MP PP SHT PK MP PK SHT FO% FOT
Aleksander BarkovC1011013018:441:4210:18061% 18
Alex KillornC/LW/RW101-1036022:181:1506:3110% 1
Andreas JohnssonLW/RW000-100109:000:2900:0000% 2
Brandon HagelLW0111232017:152:0301:1200% 0
Denis GurianovLW/RW101-1013012:142:3220:0000% 0
Dryden HuntC/LW000000006:590:0000:0000% 4
Frederick GaudreauC/RW0111004221:202:0305:16074% 27
Givani SmithRW000001106:590:0000:0000% 0
Haydn FleuryD0001230021:301:4903:2000% 0
Jared McCannC/LW0221217021:411:4203:16156% 9
Joel HanleyD000-1021122:401:5605:2900% 0
Joel KivirantaLW000-100107:450:0000:1500% 3
Mikey EyssimontC/LW0000001011:160:0003:16044% 9
Nick JensenD000-2021223:041:4915:2900% 0
Nikita KucherovRW01111522015:260:5600:0000% 1
Sean WalkerD0111010015:200:2900:4400% 0
Shea TheodoreD0221001022:511:5604:3300% 0
Slater KoekkoekD1011001315:050:2900:2900% 0
PITTSBURGH Penguins
Player Name POS G A P +/- PIM HIT SHT SB MP PP MP PP SHT PK MP PK SHT FO% FOT
Adam ClendeningD000-2210216:030:0001:1800% 0
Adam LarssonD000-2030224:325:1802:4300% 0
Alexander BarabanovLW/RW000-1001011:240:0000:0000% 0
Andrei SvechnikovLW/RW000-1231017:005:2110:0000% 0
Brad MarchandLW/RW1122036022:504:4122:5310% 2
Gustav NyquistC/LW/RW1120003019:475:2122:46050% 10
Jake GardinerD0330031126:504:4801:0000% 0
Jared Spurgeon D0111231225:515:1411:0100% 0
Justin KloosC/RW000-100007:240:0000:00060% 5
Laurent DauphinC/LW0001010020:375:2100:00041% 22
Matthew NietoLW/RW1010012011:550:0000:0000% 1
Milan LucicLW000-102107:240:0000:000100% 1
Oliver Bjorkstrand LW/RW1121003021:024:4111:05050% 2
Ross ColtonC0110000012:340:0000:39073% 11
Trevor CarrickD000100001:100:0000:5300% 0
Victor HedmanD0001010026:034:4401:3300% 0
Vitali KravtsovRW000-100007:240:0000:0000% 0
William NylanderC/RW101-1002117:264:4121:05035% 20



Play-by-Play

1st period


0:01 of 1st period - Jared McCann wins face-off versus Laurent Dauphin in neutral zone.
0:43 of 1st period - Shot by Jake Gardiner.
0:43 of 1st period - Stopped by Jordan Binnington without a rebound.
0:44 of 1st period - Frederick Gaudreau wins face-off versus William Nylander in WASHINGTON Capitals zone.
0:55 of 1st period - Shot by William Nylander.
0:55 of 1st period - Shot Misses the Net.
1:16 of 1st period - Victor Hedman is hit by Brandon Hagel and loses puck.
1:51 of 1st period - Shot by Mikey Eyssimont.
1:51 of 1st period - Stopped by Darcy Kuemper without a rebound.
1:52 of 1st period - Justin Kloos wins face-off versus Joel Kiviranta in PITTSBURGH Penguins zone.
2:12 of 1st period - Givani Smith is hit by Jake Gardiner and loses puck.
4:02 of 1st period - Shot by Jared McCann.
4:02 of 1st period - Stopped by Darcy Kuemper without a rebound.
4:03 of 1st period - Frederick Gaudreau wins face-off versus William Nylander in PITTSBURGH Penguins zone.
4:16 of 1st period - Shot by Gustav Nyquist.
4:16 of 1st period - Stopped by Jordan Binnington without a rebound.
4:17 of 1st period - Ross Colton wins face-off versus Joel Kiviranta in WASHINGTON Capitals zone.
4:30 of 1st period - Shot by Joel Kiviranta.
4:30 of 1st period - Stopped by Darcy Kuemper without a rebound.
4:31 of 1st period - Aleksander Barkov wins face-off versus William Nylander in PITTSBURGH Penguins zone.
5:31 of 1st period - Shot by Frederick Gaudreau.
5:31 of 1st period - Deflect By Alex Killorn.
5:31 of 1st period - Stopped by Darcy Kuemper with a rebound.
5:33 of 1st period - Shot by Frederick Gaudreau.
5:33 of 1st period - Shot Hit the Post.
5:35 of 1st period - Shot by Brandon Hagel.
5:35 of 1st period - Stopped by Darcy Kuemper without a rebound.
5:36 of 1st period - Laurent Dauphin wins face-off versus Mikey Eyssimont in PITTSBURGH Penguins zone.
6:04 of 1st period - Shot by Brad Marchand.
6:04 of 1st period - Shot Blocked by Nick Jensen.
6:48 of 1st period - Icing by Matthew Nieto.
6:49 of 1st period - Ross Colton wins face-off versus Aleksander Barkov in PITTSBURGH Penguins zone.
7:23 of 1st period - Shot by Nikita Kucherov.
7:23 of 1st period - Shot Blocked by Adam Larsson.
7:25 of 1st period - Shot by Jared McCann.
7:25 of 1st period - Shot Misses the Net.
7:27 of 1st period - Shot by Slater Koekkoek.
7:27 of 1st period - Goal by Slater Koekkoek - WASHINGTON Capitals : 1 - PITTSBURGH Penguins : 0.
7:28 of 1st period - William Nylander wins face-off versus Frederick Gaudreau in neutral zone.
8:39 of 1st period - Icing by Victor Hedman.
8:40 of 1st period - Aleksander Barkov wins face-off versus Brad Marchand in PITTSBURGH Penguins zone.
8:55 of 1st period - Shot by Brad Marchand.
8:55 of 1st period - Shot Misses the Net.
8:57 of 1st period - Shot by Victor Hedman.
8:57 of 1st period - Deflect By Oliver Bjorkstrand .
8:57 of 1st period - Stopped by Jordan Binnington without a rebound.
8:58 of 1st period - Justin Kloos wins face-off versus Mikey Eyssimont in WASHINGTON Capitals zone.
9:44 of 1st period - Icing by Sean Walker.
9:45 of 1st period - Mikey Eyssimont wins face-off versus Laurent Dauphin in WASHINGTON Capitals zone.
9:45 of 1st period - Mikey Eyssimont is hit by Laurent Dauphin.
10:03 of 1st period - Shot by Brad Marchand.
10:03 of 1st period - Shot Misses the Net.
10:29 of 1st period - Shot by Oliver Bjorkstrand .
10:29 of 1st period - Goal by Oliver Bjorkstrand - WASHINGTON Capitals : 1 - PITTSBURGH Penguins : 1.
10:30 of 1st period - Frederick Gaudreau wins face-off versus William Nylander in neutral zone.
10:42 of 1st period - Frederick Gaudreau is hit by Jake Gardiner and loses puck.
10:47 of 1st period - Shot by Frederick Gaudreau.
10:47 of 1st period - Stopped by Darcy Kuemper without a rebound.
10:48 of 1st period - Ross Colton wins face-off versus Dryden Hunt in PITTSBURGH Penguins zone.
10:57 of 1st period - Shot by Alexander Barabanov.
10:57 of 1st period - Deflect By Ross Colton.
10:57 of 1st period - Shot Misses the Net.
10:59 of 1st period - Shot by Matthew Nieto.
10:59 of 1st period - Stopped by Jordan Binnington with a rebound.
11:04 of 1st period - Matthew Nieto is hit by Nick Jensen.
11:25 of 1st period - Joel Hanley is hit by Adam Larsson and loses puck.
12:06 of 1st period - Shot by Aleksander Barkov.
12:06 of 1st period - Shot Blocked by Jared Spurgeon .
12:17 of 1st period - Minor Penalty to Jared McCann for Holding.
12:18 of 1st period - Frederick Gaudreau wins face-off versus Laurent Dauphin in WASHINGTON Capitals zone.
13:20 of 1st period - Shot by Jake Gardiner.
13:20 of 1st period - Shot Blocked by Nick Jensen.
13:22 of 1st period - Shot by William Nylander.
13:22 of 1st period - Goal by William Nylander - WASHINGTON Capitals : 1 - PITTSBURGH Penguins : 2.
13:23 of 1st period - Milan Lucic wins face-off versus Nikita Kucherov in neutral zone.
13:26 of 1st period - Nikita Kucherov is hit by Milan Lucic and loses puck.
13:39 of 1st period - Jared McCann is hit by Jake Gardiner and loses puck.
13:42 of 1st period - Shot by Aleksander Barkov.
13:42 of 1st period - Goal by Aleksander Barkov - WASHINGTON Capitals : 2 - PITTSBURGH Penguins : 2.
13:43 of 1st period - Mikey Eyssimont wins face-off versus Ross Colton in neutral zone.
13:46 of 1st period - Shot by Andreas Johnsson.
13:46 of 1st period - Shot Misses the Net.
13:52 of 1st period - Shea Theodore is hit by Matthew Nieto and loses puck.
14:10 of 1st period - Icing by Jared Spurgeon .
14:11 of 1st period - Ross Colton wins face-off versus Jared McCann in PITTSBURGH Penguins zone.
14:31 of 1st period - Shot by Jared McCann.
14:31 of 1st period - Shot Misses the Net.
14:33 of 1st period - Shot by Sean Walker.
14:33 of 1st period - Shot Misses the Net.
14:41 of 1st period - Shot by Jared McCann.
14:41 of 1st period - Deflect By Nikita Kucherov.
14:41 of 1st period - Stopped by Darcy Kuemper without a rebound.
14:42 of 1st period - Frederick Gaudreau wins face-off versus Laurent Dauphin in PITTSBURGH Penguins zone.
14:52 of 1st period - Icing by Adam Larsson.
14:53 of 1st period - Laurent Dauphin wins face-off versus Andreas Johnsson in PITTSBURGH Penguins zone.
15:08 of 1st period - Shot by Oliver Bjorkstrand .
15:08 of 1st period - Deflect By Brad Marchand.
15:08 of 1st period - Stopped by Jordan Binnington without a rebound.
15:09 of 1st period - Frederick Gaudreau wins face-off versus William Nylander in WASHINGTON Capitals zone.
15:22 of 1st period - Adam Larsson is hit by Brandon Hagel and loses puck.
15:35 of 1st period - Shot by Frederick Gaudreau.
15:35 of 1st period - Shot Misses the Net.
15:37 of 1st period - Shot by Alex Killorn.
15:37 of 1st period - Goal by Alex Killorn - WASHINGTON Capitals : 3 - PITTSBURGH Penguins : 2.
15:38 of 1st period - Aleksander Barkov wins face-off versus Laurent Dauphin in neutral zone.
15:52 of 1st period - Icing by Brad Marchand.
15:53 of 1st period - Laurent Dauphin wins face-off versus Mikey Eyssimont in PITTSBURGH Penguins zone.
15:53 of 1st period - Laurent Dauphin is hit by Denis Gurianov.
16:01 of 1st period - Shot by Brad Marchand.
16:01 of 1st period - Stopped by Jordan Binnington with a rebound.
16:03 of 1st period - Shot by Jake Gardiner.
16:03 of 1st period - Shot Blocked by Slater Koekkoek.
16:05 of 1st period - Shot by Jared Spurgeon .
16:05 of 1st period - Shot Misses the Net.
16:07 of 1st period - Shot by Oliver Bjorkstrand .
16:07 of 1st period - Shot Misses the Net.
16:09 of 1st period - Shot by Oliver Bjorkstrand .
16:09 of 1st period - Shot Blocked by Slater Koekkoek.
16:11 of 1st period - Shot by Jared Spurgeon .
16:11 of 1st period - Shot Blocked by Slater Koekkoek.
16:23 of 1st period - Shot by Brad Marchand.
16:23 of 1st period - Shot Misses the Net.
16:25 of 1st period - Shot by Brad Marchand.
16:25 of 1st period - Stopped by Jordan Binnington with a rebound.
16:50 of 1st period - Victor Hedman is hit by Nikita Kucherov and loses puck.
17:14 of 1st period - Shea Theodore is hit by Andrei Svechnikov and loses puck.
17:56 of 1st period - Milan Lucic is hit by Brandon Hagel and loses puck.
18:00 of 1st period - Milan Lucic is hit by Joel Hanley and loses puck.
18:11 of 1st period - Shot by Vitali Kravtsov.
18:11 of 1st period - Shot Blocked by Frederick Gaudreau.
18:13 of 1st period - Shot by Adam Clendening.
18:13 of 1st period - Shot Blocked by Frederick Gaudreau.
18:15 of 1st period - Shot by Justin Kloos.
18:15 of 1st period - Shot Misses the Net.
19:26 of 1st period - Laurent Dauphin is hit by Jared McCann and loses puck.
19:31 of 1st period - Shot by Jared McCann.
19:31 of 1st period - Shot Misses the Net.
19:35 of 1st period - Shot by Nikita Kucherov.
19:35 of 1st period - Stopped by Darcy Kuemper with a rebound.
Goals for this period are 3 for WASHINGTON Capitals vs 2 for PITTSBURGH Penguins.
Shots for this period are 11 for WASHINGTON Capitals vs 9 for PITTSBURGH Penguins.

2nd period


0:01 of 2nd period - Jared McCann wins face-off versus William Nylander in neutral zone.
0:14 of 2nd period - Shot by Jared McCann.
0:14 of 2nd period - Stopped by Darcy Kuemper without a rebound.
0:15 of 2nd period - Frederick Gaudreau wins face-off versus Laurent Dauphin in PITTSBURGH Penguins zone.
0:25 of 2nd period - Shot by Frederick Gaudreau.
0:25 of 2nd period - Shot Misses the Net.
0:27 of 2nd period - Shot by Nick Jensen.
0:27 of 2nd period - Shot Misses the Net.
0:33 of 2nd period - Shot by Frederick Gaudreau.
0:33 of 2nd period - Shot Misses the Net.
0:35 of 2nd period - Shot by Joel Hanley.
0:35 of 2nd period - Shot Blocked by Adam Larsson.
0:37 of 2nd period - Shot by Joel Hanley.
0:37 of 2nd period - Stopped by Darcy Kuemper without a rebound.
0:38 of 2nd period - William Nylander wins face-off versus Aleksander Barkov in PITTSBURGH Penguins zone.
0:38 of 2nd period - William Nylander is hit by Aleksander Barkov.
0:56 of 2nd period - Shot by William Nylander.
0:56 of 2nd period - Shot Misses the Net.
1:48 of 2nd period - Off-side.
1:49 of 2nd period - Ross Colton wins face-off versus Mikey Eyssimont in neutral zone.
2:16 of 2nd period - Shot by Matthew Nieto.
2:16 of 2nd period - Deflect By Ross Colton.
2:16 of 2nd period - Shot Misses the Net.
2:18 of 2nd period - Shot by Alexander Barabanov.
2:18 of 2nd period - Stopped by Jordan Binnington with a rebound.
2:20 of 2nd period - Shot by Ross Colton.
2:20 of 2nd period - Shot Misses the Net.
2:51 of 2nd period - Icing by Oliver Bjorkstrand .
2:52 of 2nd period - Aleksander Barkov wins face-off versus Laurent Dauphin in PITTSBURGH Penguins zone.
2:59 of 2nd period - Shot by Jared McCann.
2:59 of 2nd period - Stopped by Darcy Kuemper without a rebound.
3:00 of 2nd period - Aleksander Barkov wins face-off versus William Nylander in PITTSBURGH Penguins zone.
3:11 of 2nd period - Shot by Aleksander Barkov.
3:11 of 2nd period - Stopped by Darcy Kuemper without a rebound.
3:12 of 2nd period - Laurent Dauphin wins face-off versus Frederick Gaudreau in PITTSBURGH Penguins zone.
3:12 of 2nd period - Laurent Dauphin is hit by Alex Killorn.
3:24 of 2nd period - Shot by Brad Marchand.
3:24 of 2nd period - Shot Blocked by Joel Hanley.
4:11 of 2nd period - Shot by Aleksander Barkov.
4:11 of 2nd period - Shot Misses the Net.
4:13 of 2nd period - Shot by Nikita Kucherov.
4:13 of 2nd period - Shot Misses the Net.
4:25 of 2nd period - Shot by Jared McCann.
4:25 of 2nd period - Shot Misses the Net.
4:27 of 2nd period - Shot by Shea Theodore.
4:27 of 2nd period - Stopped by Darcy Kuemper with a rebound.
4:39 of 2nd period - Shot by Jared McCann.
4:39 of 2nd period - Shot Misses the Net.
4:56 of 2nd period - Off-side.
4:57 of 2nd period - William Nylander wins face-off versus Mikey Eyssimont in neutral zone.
5:04 of 2nd period - Minor Penalty to Andrei Svechnikov for Slashing.
5:05 of 2nd period - Frederick Gaudreau wins face-off versus Gustav Nyquist in PITTSBURGH Penguins zone.
5:20 of 2nd period - Shot by Denis Gurianov.
5:20 of 2nd period - Goal by Denis Gurianov - WASHINGTON Capitals : 4 - PITTSBURGH Penguins : 2.
5:20 of 2nd period - Jonathan Quick enters game.
5:21 of 2nd period - Justin Kloos wins face-off versus Dryden Hunt in neutral zone.
5:32 of 2nd period - Shot by Milan Lucic.
5:32 of 2nd period - Stopped by Jordan Binnington without a rebound.
5:33 of 2nd period - Gustav Nyquist wins face-off versus Aleksander Barkov in WASHINGTON Capitals zone.
5:42 of 2nd period - Victor Hedman is hit by Nikita Kucherov and loses puck.
7:16 of 2nd period - Minor Penalty to Jared Spurgeon for Holding.
7:17 of 2nd period - Frederick Gaudreau wins face-off versus Gustav Nyquist in PITTSBURGH Penguins zone.
7:46 of 2nd period - Shot by Frederick Gaudreau.
7:46 of 2nd period - Shot Blocked by Adam Clendening.
8:38 of 2nd period - Shot by Denis Gurianov.
8:38 of 2nd period - Shot Misses the Net.
8:40 of 2nd period - Shot by Andreas Johnsson.
8:40 of 2nd period - Deflect By Denis Gurianov.
8:40 of 2nd period - Stopped by Jonathan Quick with a rebound.
8:42 of 2nd period - Shot by Andreas Johnsson.
8:42 of 2nd period - Shot Misses the Net.
8:51 of 2nd period - Icing by Andreas Johnsson.
8:52 of 2nd period - Gustav Nyquist wins face-off versus Andreas Johnsson in WASHINGTON Capitals zone.
8:53 of 2nd period - Shot by Brad Marchand.
8:53 of 2nd period - Goal by Brad Marchand - WASHINGTON Capitals : 4 - PITTSBURGH Penguins : 3.
8:54 of 2nd period - Gustav Nyquist wins face-off versus Aleksander Barkov in neutral zone.
9:14 of 2nd period - Aleksander Barkov is hit by Brad Marchand and loses puck.
9:47 of 2nd period - Shot by Givani Smith.
9:47 of 2nd period - Stopped by Jonathan Quick without a rebound.
9:48 of 2nd period - Frederick Gaudreau wins face-off versus Justin Kloos in PITTSBURGH Penguins zone.
10:08 of 2nd period - Jake Gardiner is hit by Alex Killorn and loses puck.
10:12 of 2nd period - Minor Penalty to Brandon Hagel for Roughing.
10:13 of 2nd period - Frederick Gaudreau wins face-off versus William Nylander in WASHINGTON Capitals zone.
10:34 of 2nd period - Shot by William Nylander.
10:34 of 2nd period - Stopped by Jordan Binnington with a rebound.
11:23 of 2nd period - Shot by Gustav Nyquist.
11:23 of 2nd period - Shot Misses the Net.
11:25 of 2nd period - Shot by Gustav Nyquist.
11:25 of 2nd period - Stopped by Jordan Binnington without a rebound.
11:26 of 2nd period - Frederick Gaudreau wins face-off versus Laurent Dauphin in WASHINGTON Capitals zone.
11:44 of 2nd period - Joel Hanley is hit by Andrei Svechnikov and loses puck.
12:06 of 2nd period - Icing by Oliver Bjorkstrand .
12:07 of 2nd period - Frederick Gaudreau wins face-off versus William Nylander in PITTSBURGH Penguins zone.
12:12 of 2nd period - Shot by Alex Killorn.
12:12 of 2nd period - Stopped by Jonathan Quick without a rebound.
12:13 of 2nd period - Ross Colton wins face-off versus Aleksander Barkov in PITTSBURGH Penguins zone.
12:57 of 2nd period - Shot by Nikita Kucherov.
12:57 of 2nd period - Shot Misses the Net.
13:21 of 2nd period - Shot by Andreas Johnsson.
13:21 of 2nd period - Shot Misses the Net.
13:30 of 2nd period - Brad Marchand is hit by Haydn Fleury and loses puck.
13:56 of 2nd period - Icing by Andreas Johnsson.
13:57 of 2nd period - Mikey Eyssimont wins face-off versus Gustav Nyquist in WASHINGTON Capitals zone.
14:17 of 2nd period - William Nylander is hit by Nick Jensen and loses puck.
14:36 of 2nd period - Shot by Brandon Hagel.
14:36 of 2nd period - Deflect By Frederick Gaudreau.
14:36 of 2nd period - Stopped by Jonathan Quick with a rebound.
14:38 of 2nd period - Shot by Frederick Gaudreau.
14:38 of 2nd period - Shot Misses the Net.
14:40 of 2nd period - Shot by Frederick Gaudreau.
14:40 of 2nd period - Shot Misses the Net.
14:42 of 2nd period - Shot by Brandon Hagel.
14:42 of 2nd period - Shot Misses the Net.
14:46 of 2nd period - Shot by Frederick Gaudreau.
14:46 of 2nd period - Stopped by Jonathan Quick without a rebound.
14:47 of 2nd period - Aleksander Barkov wins face-off versus Justin Kloos in PITTSBURGH Penguins zone.
14:54 of 2nd period - Shot by Jared McCann.
14:54 of 2nd period - Stopped by Jonathan Quick with a rebound.
16:46 of 2nd period - Shot by Frederick Gaudreau.
16:46 of 2nd period - Shot Misses the Net.
16:48 of 2nd period - Shot by Brandon Hagel.
16:48 of 2nd period - Deflect By Alex Killorn.
16:48 of 2nd period - Stopped by Jonathan Quick with a rebound.
16:58 of 2nd period - Frederick Gaudreau is hit by Brad Marchand and loses puck.
17:10 of 2nd period - Icing by Oliver Bjorkstrand .
17:11 of 2nd period - Laurent Dauphin wins face-off versus Aleksander Barkov in PITTSBURGH Penguins zone.
18:24 of 2nd period - Shot by Andreas Johnsson.
18:24 of 2nd period - Stopped by Jonathan Quick without a rebound.
18:25 of 2nd period - Frederick Gaudreau wins face-off versus Ross Colton in PITTSBURGH Penguins zone.
18:52 of 2nd period - Shot by Alex Killorn.
18:52 of 2nd period - Stopped by Jonathan Quick with a rebound.
18:54 of 2nd period - Shot by Brandon Hagel.
18:54 of 2nd period - Deflect By Frederick Gaudreau.
18:54 of 2nd period - Stopped by Jonathan Quick with a rebound.
18:56 of 2nd period - Shot by Brandon Hagel.
18:56 of 2nd period - Stopped by Jonathan Quick with a rebound.
19:23 of 2nd period - Victor Hedman is hit by Joel Hanley and loses puck.
19:54 of 2nd period - Shot by Shea Theodore.
19:54 of 2nd period - Shot Blocked by William Nylander.
Goals for this period are 1 for WASHINGTON Capitals vs 1 for PITTSBURGH Penguins.
Shots for this period are 17 for WASHINGTON Capitals vs 5 for PITTSBURGH Penguins.

3rd period


0:01 of 3rd period - Jared McCann wins face-off versus William Nylander in neutral zone.
0:15 of 3rd period - Aleksander Barkov is hit by Jared Spurgeon and loses puck.
0:24 of 3rd period - Jared McCann is hit by Jared Spurgeon and loses puck.
1:09 of 3rd period - Icing by William Nylander.
1:10 of 3rd period - Mikey Eyssimont wins face-off versus William Nylander in PITTSBURGH Penguins zone.
1:10 of 3rd period - Mikey Eyssimont is hit by Jared Spurgeon .
1:47 of 3rd period - Off-side.
1:48 of 3rd period - Frederick Gaudreau wins face-off versus Matthew Nieto in neutral zone.
1:53 of 3rd period - Shot by Frederick Gaudreau.
1:53 of 3rd period - Shot Misses the Net.
2:44 of 3rd period - Shot by Brad Marchand.
2:44 of 3rd period - Shot Misses the Net.
2:56 of 3rd period - Shot by Laurent Dauphin.
2:56 of 3rd period - Shot Misses the Net.
2:58 of 3rd period - Shot by Brad Marchand.
2:58 of 3rd period - Shot Misses the Net.
3:33 of 3rd period - Alex Killorn is hit by Milan Lucic and loses puck.
4:05 of 3rd period - Icing by Adam Clendening.
4:06 of 3rd period - Aleksander Barkov wins face-off versus William Nylander in PITTSBURGH Penguins zone.
4:07 of 3rd period - Shot by Nikita Kucherov.
4:07 of 3rd period - Deflect By Jared McCann.
4:07 of 3rd period - Shot Misses the Net.
4:10 of 3rd period - Icing by William Nylander.
4:11 of 3rd period - William Nylander wins face-off versus Aleksander Barkov in PITTSBURGH Penguins zone.
4:15 of 3rd period - Gustav Nyquist is hit by Haydn Fleury.
4:40 of 3rd period - Major / Game Misconduct Penalty to Nikita Kucherov for Attempt to injure.
4:40 of 3rd period - Nikita Kucherov is ejected from game.
4:41 of 3rd period - William Nylander wins face-off versus Jared McCann in WASHINGTON Capitals zone.
4:56 of 3rd period - Shot by Oliver Bjorkstrand .
4:56 of 3rd period - Stopped by Jordan Binnington with a rebound.
4:58 of 3rd period - Shot by Brad Marchand.
4:58 of 3rd period - Stopped by Jordan Binnington without a rebound.
4:59 of 3rd period - Jared McCann wins face-off versus Gustav Nyquist in WASHINGTON Capitals zone.
4:59 of 3rd period - Jared McCann is hit by Andrei Svechnikov.
5:07 of 3rd period - Shot by Jared McCann.
5:07 of 3rd period - Stopped by Jonathan Quick without a rebound.
5:08 of 3rd period - Aleksander Barkov wins face-off versus Laurent Dauphin in PITTSBURGH Penguins zone.
5:19 of 3rd period - Shot by Aleksander Barkov.
5:19 of 3rd period - Shot Misses the Net.
5:22 of 3rd period - Icing by Jake Gardiner.
5:23 of 3rd period - Frederick Gaudreau wins face-off versus Laurent Dauphin in PITTSBURGH Penguins zone.
5:57 of 3rd period - Shot by Gustav Nyquist.
5:57 of 3rd period - Goal by Gustav Nyquist - WASHINGTON Capitals : 4 - PITTSBURGH Penguins : 4.
5:58 of 3rd period - William Nylander wins face-off versus Jared McCann in neutral zone.
6:00 of 3rd period - Off-side.
6:01 of 3rd period - Frederick Gaudreau wins face-off versus William Nylander in neutral zone.
6:01 of 3rd period - Frederick Gaudreau is hit by Brad Marchand.
6:06 of 3rd period - Frederick Gaudreau is hit by Adam Larsson and loses puck.
6:15 of 3rd period - Shot by Jared Spurgeon .
6:15 of 3rd period - Deflect By Brad Marchand.
6:15 of 3rd period - Stopped by Jordan Binnington without a rebound.
6:16 of 3rd period - Laurent Dauphin wins face-off versus Jared McCann in WASHINGTON Capitals zone.
6:16 of 3rd period - Laurent Dauphin is hit by Haydn Fleury.
6:26 of 3rd period - Shot by Andrei Svechnikov.
6:26 of 3rd period - Stopped by Jordan Binnington without a rebound.
6:27 of 3rd period - Oliver Bjorkstrand wins face-off versus Frederick Gaudreau in WASHINGTON Capitals zone.
6:55 of 3rd period - Icing by William Nylander.
6:56 of 3rd period - William Nylander wins face-off versus Frederick Gaudreau in PITTSBURGH Penguins zone.
7:40 of 3rd period - Icing by Victor Hedman.
7:41 of 3rd period - Jared McCann wins face-off versus Laurent Dauphin in PITTSBURGH Penguins zone.
7:41 of 3rd period - Jared McCann is hit by Victor Hedman.
8:12 of 3rd period - Icing by Andrei Svechnikov.
8:13 of 3rd period - Laurent Dauphin wins face-off versus Frederick Gaudreau in PITTSBURGH Penguins zone.
9:13 of 3rd period - Shot by Jared Spurgeon .
9:13 of 3rd period - Stopped by Jordan Binnington with a rebound.
9:15 of 3rd period - Shot by Jared Spurgeon .
9:15 of 3rd period - Shot Misses the Net.
9:17 of 3rd period - Shot by William Nylander.
9:17 of 3rd period - Deflect By Brad Marchand.
9:17 of 3rd period - Shot Misses the Net.
9:19 of 3rd period - Shot by Adam Larsson.
9:19 of 3rd period - Shot Misses the Net.
10:19 of 3rd period - Icing by Jake Gardiner.
10:20 of 3rd period - Ross Colton wins face-off versus Dryden Hunt in PITTSBURGH Penguins zone.
11:10 of 3rd period - Icing by Slater Koekkoek.
11:11 of 3rd period - Laurent Dauphin wins face-off versus Dryden Hunt in WASHINGTON Capitals zone.
11:31 of 3rd period - Icing by Jared Spurgeon .
11:32 of 3rd period - Aleksander Barkov wins face-off versus Laurent Dauphin in PITTSBURGH Penguins zone.
11:37 of 3rd period - Shot by Jared McCann.
11:37 of 3rd period - Stopped by Jonathan Quick with a rebound.
11:50 of 3rd period - Minor Penalty to Haydn Fleury for Tripping.
11:51 of 3rd period - Laurent Dauphin wins face-off versus Frederick Gaudreau in WASHINGTON Capitals zone.
12:16 of 3rd period - Shot by Alex Killorn.
12:16 of 3rd period - Stopped by Jonathan Quick without a rebound.
12:17 of 3rd period - Frederick Gaudreau wins face-off versus Brad Marchand in PITTSBURGH Penguins zone.
14:15 of 3rd period - Alexander Barabanov is hit by Givani Smith and loses puck.
14:45 of 3rd period - Andreas Johnsson is hit by Adam Clendening and loses puck.
14:56 of 3rd period - Shot by Denis Gurianov.
14:56 of 3rd period - Deflect By Mikey Eyssimont.
14:56 of 3rd period - Shot Misses the Net.
14:58 of 3rd period - Shot by Slater Koekkoek.
14:58 of 3rd period - Shot Blocked by Adam Clendening.
15:00 of 3rd period - Shot by Andreas Johnsson.
15:00 of 3rd period - Shot Blocked by Jake Gardiner.
15:01 of 3rd period - Minor Penalty to Adam Clendening for Tripping.
15:02 of 3rd period - Aleksander Barkov wins face-off versus Gustav Nyquist in PITTSBURGH Penguins zone.
15:03 of 3rd period - Shot by Nick Jensen.
15:03 of 3rd period - Stopped by Jonathan Quick without a rebound.
15:04 of 3rd period - Gustav Nyquist wins face-off versus Alex Killorn in PITTSBURGH Penguins zone.
15:04 of 3rd period - Gustav Nyquist is hit by Alex Killorn.
15:24 of 3rd period - Shot by Joel Hanley.
15:24 of 3rd period - Shot Misses the Net.
15:26 of 3rd period - Shot by Shea Theodore.
15:26 of 3rd period - Shot Blocked by Jared Spurgeon .
15:28 of 3rd period - Shot by Aleksander Barkov.
15:28 of 3rd period - Stopped by Jonathan Quick without a rebound.
15:29 of 3rd period - Gustav Nyquist wins face-off versus Frederick Gaudreau in PITTSBURGH Penguins zone.
16:02 of 3rd period - Shot by Frederick Gaudreau.
16:02 of 3rd period - Shot Misses the Net.
16:31 of 3rd period - Icing by Haydn Fleury.
16:32 of 3rd period - Frederick Gaudreau wins face-off versus Oliver Bjorkstrand in WASHINGTON Capitals zone.
17:30 of 3rd period - Justin Kloos is hit by Sean Walker and loses puck.
18:00 of 3rd period - Icing by Jared McCann.
18:01 of 3rd period - Aleksander Barkov wins face-off versus Ross Colton in WASHINGTON Capitals zone.
18:18 of 3rd period - Shot by Jared McCann.
18:18 of 3rd period - Stopped by Jonathan Quick without a rebound.
18:19 of 3rd period - Frederick Gaudreau wins face-off versus Laurent Dauphin in PITTSBURGH Penguins zone.
18:19 of 3rd period - Brandon Hagel is hit by Adam Larsson and loses puck.
19:26 of 3rd period - Shot by Denis Gurianov.
19:26 of 3rd period - Stopped by Jonathan Quick with a rebound.
Goals for this period are 0 for WASHINGTON Capitals vs 1 for PITTSBURGH Penguins.
Shots for this period are 7 for WASHINGTON Capitals vs 6 for PITTSBURGH Penguins.

Overtime #1


0:01 of 1st overtime period - Ross Colton wins face-off versus Joel Kiviranta in neutral zone.
0:30 of 1st overtime period - Shot by Matthew Nieto.
0:30 of 1st overtime period - Goal by Matthew Nieto - WASHINGTON Capitals : 4 - PITTSBURGH Penguins : 5.
Goals for this period are 0 for WASHINGTON Capitals vs 1 for PITTSBURGH Penguins.
Shots for this period are 0 for WASHINGTON Capitals vs 1 for PITTSBURGH Penguins.